 Dungeon Sprint DCSS version 0.28-a0-863-g8cecda6153 (webtiles) character file.

Game seed: 16190993335256165707

42 emperorscorpion the Magician (level 3, 0/25 HPs)
             Began as a Djinni Air Elementalist on Nov 17, 2021.
             Slain by a necrophage (4 damage)
             ... in the Dungeon (Sprint IX: "|||||||||||||||||||||||||||||").
             The game lasted 00:00:20 (48 turns).

emperorscorpion the Magician (DjAE)                   Turns: 48, Time: 00:00:20

Health: 0/25       AC:  2    Str:  7    XL:     3   Next: 80%
Gold:   0          EV: 13    Int: 17    God:
                   SH:  0    Dex: 13

rFire   + + .      SeeInvis .   (no weapon)
rCold   x . .      Faith    .   (no shield)
rNeg    . . .      Spirit   .   a - +0 robe
rPois   ∞          Reflect  .   (no helmet)
rElec   .          Harm     .   (no cloak)
rCorr   .          Rampage  .   (no gloves)
Will    .....      NoTele   +   (boots unavailable)
Stlth   ++........              (no amulet)
HPRegen 0.08/turn               (no ring)
MPRegen 0.00/turn               (no ring)

@: flying, very slightly contaminated
A: sickness immunity, fire resistance 2, cold vulnerability 1, float, innate
caster, hp casting, extra vitality 1
a: no special abilities


You were in the Dungeon.
You visited 1 branch

Inventory:

Armour
 a - a +0 robe (worn)
Scrolls
 f - a scroll of blinking
Potions
 b - a potion of curing
 c - a potion of heal wounds
 d - a potion of haste
 e - a potion of berserk rage


   Skills:
 + Level 3.4 Dodging
 + Level 2.5 Stealth
 + Level 5.0 Spellcasting


You had one spell level left.
You knew the following spells:

 Your Spells              Type           Power      Damage    Failure   Level
a - Shock                 Conj/Air       84%        1d8       1%          1
b - Static Discharge      Conj/Air       21%        N/A       2%          2
c - Swiftness             Air            21%        N/A       5%          3
d - Airstrike             Air            10%        N/A       17%         4
e - Sting                 Tmut/Pois      84%        1d7       1%          1
Your spell library was empty.

Dungeon Overview and Level Annotations

Branches:
Dungeon (1/1)

Altars:


Innate Abilities, Weirdness & Mutations

You are immune to sickness and miasma.
You are immune to poison.
Your flesh is very heat resistant. (rF++)
You are vulnerable to cold. (rC-)
You float through the air rather than walking.
You learn spells naturally, not from books.
Your magical power is your life essence.
You have superior vitality. (+4 HP)


Message History

The hound is almost dead.
The zap hits the necrophage.
The necrophage is heavily damaged.
The zap hits the adder zombie!
The adder zombie is severely damaged.
The zap hits the iguana.
The iguana is almost dead.
The hound bites you. x2
Casting: Shock (safe; 3% risk of failure)
Confirm with . or Enter, or press ? or * to list all spells.
Aiming: Shock (safe; 3% risk of failure)
Press: ? - help, Shift-Dir - straight line, f/p - hound
Aim: a hound (almost dead, 60% to hit)
The zap hits the hound.
You kill the hound!
The zap hits the necrophage.
The necrophage is severely damaged.
The zap hits the adder zombie.
The adder zombie is severely damaged.
The zap hits the iguana but does no damage.
The iguana is almost dead.
* * * LOW HITPOINT WARNING * * *
Your Dodging skill increases to level 3!
Your Spellcasting skill increases to level 5!
You have reached level 3!
Your experience leads to an increase in your attributes!
Increase (S)trength, (I)ntelligence, or (D)exterity?
You feel clever.
The power to cast Sting wells up from within.
Spell assigned to 'e'.
Casting: Shock (safe; 1% risk of failure)
Confirm with . or Enter, or press ? or * to list all spells.
The necrophage is struck by an arc of lightning.
The necrophage is almost destroyed.
You are struck by an arc of lightning.
* * * LOW HITPOINT WARNING * * *
The lightning grounds out.
* * * LOW HITPOINT WARNING * * *
The necrophage hits you.
You die... ▓▓▓▓▓▓▓▓▓▓▓▓▓▓▓▓▓▓ +...lZn@..).'...<▓ ▓▓▓▓▓▓▓▓▓▓▓▓▓▓▓▓▓▓

You could see a necrophage, an iguana and an adder zombie.

Vanquished Creatures
  A hound (D)
  An adder (D)
  2 endoplasms (D)
  A jackal (D)
  A frilled lizard (D)
  A kobold (D)
7 creatures vanquished.

Notes
Turn   | Place    | Note
-------+----------+-------------------------------------------
     0 | D        | emperorscorpion the Djinni Air Elementalist began the quest
                  | for the Orb.
     0 | D        | Reached XP level 1. HP: 15/15 MP: 0/0
     5 | D        | Reached skill level 3 in Spellcasting
    40 | D        | Noticed an iguana
    40 | D        | Noticed a necrophage
    40 | D        | Noticed a hound
    45 | D        | Reached skill level 4 in Spellcasting
    45 | D        | Reached XP level 2. HP: 12/21 MP: 0/0
    48 | D        | Reached skill level 5 in Spellcasting
    48 | D        | Reached XP level 3. HP: 7/25 MP: 0/0
    48 | D        | Learned a level 1 spell: Sting
    48 | D        | Slain by a necrophage

Illustrated notes

Levels and vault maps discovered:
D:        linesprint [early_d, line_temple, items_1, d_10, items_2, lair_1,
          lair_end, items_3, orc_1, orc_end, items_4, d_15, swamp_1, shoals_1,
          snake_1, spider_1, d_20, vaults_1, items_5, swamp_end, shoals_end,
          snake_end, spider_end, vaults_end, d_27, items_6, zot_1, zot_end,
          crypt_end, forest_end, elf_end, slime_end, tomb_end, abyss_end,
          pan_hell_end]

Skill      XL: |  1  2 |
---------------+-------+-----
Spellcasting   | 4 5 |  5.0
Stealth        | 2 |  2.5
Dodging        | 3 |  3.4

Action                   || total
-------------------------++-------
 Cast: Shock             ||     8
       Static Discharge  ||     1
Armor: Robe              ||     3
Dodge: Dodged            ||     3

Table legend: (Time is in decaauts)
 A = Elapsed time spent in this place.
 B = Non-inter-level travel time spent in this place.
 C = Inter-level travel time spent in this place.
 D = Time resting spent in this place.
 E = Time spent auto-exploring this place.
 F = Levels seen in this place.
 G = Mean time per level.
                   A        B        C        D        E       F      G
               +--------+--------+--------+--------+--------+-----+--------+
         Total |     48 |     48 |      0 |     28 |      0 |   1 |   48.0 |
       Dungeon |     48 |     48 |      0 |     28 |      0 |   1 |   48.0 |
               +--------+--------+--------+--------+--------+-----+--------+

Top non-repeatable levels by time:
       D: 48 daAuts
